 Dungeon Crawl Stone Soup version 0.28.0-53-g5a82cb258f (webtiles) character file.

Game seed: 12204524149211350379

35 firemarshallily the Cudgeller (level 3, 0/28 HPs)
             Began as a Demonspawn Gladiator on June 22, 2022.
             Slain by Robin
             ... wielding a +0 mace
              (5 damage)
             ... on level 2 of the Dungeon.
             The game lasted 00:02:46 (1183 turns).

firemarshallily the Cudgeller (DsGl)                Turns: 1183, Time: 00:02:46

Health: 0/28       AC:  6    Str: 16    XL:     3   Next: 17%
Magic:  3/3        EV: 12    Int:  9    God:
Gold:   26         SH:  0    Dex: 14    Spells: 2/2 levels left

rFire   + . .      SeeInvis .   a - +0 flail
rCold   + . .      Faith    .   (no shield)
rNeg    . . .      Spirit   .   b - +0 leather armour
rPois   +          Reflect  .   c - +0 helmet
rElec   +          Harm     .   (no cloak)
rCorr   +          Rampage  .   (no gloves)
Will    .....                   (no boots)
Stlth   +.........              (no amulet)
HPRegen 0.09/turn               (no ring)
MPRegen 0.08/turn               (no ring)

@: resistant, attractive
A: thin metallic scales 1
a: no special abilities


You were on level 2 of the Dungeon.
You visited 1 branch of the dungeon, and saw 2 of its levels.

You collected 26 gold pieces.

Inventory:

Hand Weapons
 a - a +0 flail (weapon)
Missiles
 d - 3 throwing nets
 e - 70 stones
 h - 2 boomerangs (quivered)
Armour
 b - a +0 leather armour (worn)
 c - a +0 helmet (worn)


   Skills:
 * Level 2.6 Fighting
 * Level 3.2 Maces & Flails
 - Level 2.0 Throwing
 + Level 2.9 Dodging


You had 2 spell levels left.
You didn't know any spells.
Your spell library was empty.

Dungeon Overview and Level Annotations

Branches:
Dungeon (2/15)

Altars:

Annotations:
D:2 Robin, Sigmund


Innate Abilities, Weirdness & Mutations

You are partially covered in thin metallic scales. (AC +2)


Message History

The goblin no longer looks unusually strong.
The hobgoblin no longer looks unusually strong.
Robin throws the goblin at you! The goblin hits you but does no damage.
The goblin closely misses you. The hobgoblin is attracted toward you.
Things that are here:
a +0 dagger; a goblin corpse You thump the goblin!
You kill the goblin!
Robin throws the goblin at you! The goblin completely misses you.
The goblin hits you but does no damage. The goblin barely misses you.
The goblin hits you but does no damage. The goblin is attracted toward you.
You sock the goblin!
You kill the goblin!
The goblin no longer looks unusually strong.
The goblin hits you but does no damage.
A goblin comes into view. It is wielding a +0 dagger.
The goblin hits you with a +0 club. The goblin closely misses you.
The goblin is attracted toward you.
Robin says, "My goblins will feast on your bones."
Robin roars a battlecry!
The goblins go into a battle-frenzy!
Robin is attracted toward you. The goblin is attracted toward you.
Items here: )) ††.
You closely miss the goblin. The goblin hits you with a +0 club.
* * * LOW HITPOINT WARNING * * *
Robin throws the goblin at you! The goblin closely misses you.
You sock the goblin!
You kill the goblin!
The goblin closely misses you.
You completely miss the goblin. The goblin hits you with a +0 club.
* * * LOW HITPOINT WARNING * * *
The goblin barely misses you.
You miss the goblin. The goblin closely misses you.
You sock the goblin!
You kill the goblin!
You hit the goblin.
You kill the goblin!
Robin's bangles clink loudly.
Robin hits you with a +0 mace.
You die...

... #.#.. .. #.#.) #.#
#.#.# ### #.# #.#.#
...####.# #.#.#
........# #.#)#
........# #.#@#
........###'#g#
#..........†gg#
#......<.....g# .#
#.............#####...#.
.......>.........(......
........#####'##........
..#####.................
. #.................


You could see Robin, 2 hobgoblins and a goblin (strong).

Vanquished Creatures
  4 ball pythons (D:1)
  3 bats (D:1)
  4 endoplasms (D:1)
  A giant cockroach (D:1)
  7 goblins
  4 hobgoblins (D:1)
  4 kobolds (D:1)
  3 frilled lizards (D:1)
  2 rats
32 creatures vanquished.

Notes
Turn   | Place    | Note
-------+----------+-------------------------------------------
     0 | D:1      | firemarshallily the Demonspawn Gladiator began the quest
                  | for the Orb.
     0 | D:1      | Reached XP level 1. HP: 16/16 MP: 1/1
    70 | D:1      | Gained mutation: You are partially covered in thin metallic
                  | scales. (AC +2) [demonic ancestry]
    70 | D:1      | Reached XP level 2. HP: 17/22 MP: 2/2
   289 | D:1      | Reached skill level 3 in Maces & Flails
   959 | D:1      | Reached XP level 3. HP: 28/28 MP: 3/3
  1149 | D:2      | Noticed Sigmund
  1155 | D:2      | Noticed Robin
  1183 | D:2      | Slain by Robin

Illustrated notes

Levels and vault maps discovered:
D:1:      ncdulo_lavacross, layout_basic, minmay_bisected
D:2:      layout_basic, uniq_robin, uniq_sigmund

Skill      XL: |  1  2 |
---------------+-------+-----
Throwing       | 2 |  2.0
Maces & Flails | 3 |  3.2
Fighting       | |  2.6
Dodging        | |  2.9

Action                   || total
-------------------------++-------
Melee: Flail             ||    99
Throw: Boomerang         ||     1
  Use: Scroll            ||     3
       Potion            ||     3
 Stab: Sleeping          ||     1
Armor: Leather armour    ||    45
Dodge: Dodged            ||    82
